 Dungeon Crawl Stone Soup version 0.29.1-12-g30fa7ad0bf (webtiles) character file.

Game seed: 16720402031579598151

31327 112233 the Thaumaturge (level 13, -3/99 (103) HPs)
             Began as a Demonspawn Necromancer on Dec 23, 2022.
             Was a High Priest of Makhleb.
             Slain by a hellwing (8 damage)
             ... summoned by an orc sorcerer
             ... on level 2 of the Orcish Mines.
             The game lasted 00:27:34 (22554 turns).

112233 the Thaumaturge (Demonspawn Necromancer)    Turns: 22554, Time: 00:27:35

HP:   -3/99 (103)   AC: -16   Str: 13    XL:     13   Next: 25%
MP:   30/30         EV: 12    Int: 21    God:    Makhleb [*****.]
Gold: 1083          SH:  4    Dex: 18    Spells: 16/38 levels left

rFire   . . .      SeeInvis +   E - +5 whip (pain)
rCold   + . .      Faith    .   (no shield)
rNeg    . . .      Spirit   .   a - +0 robe
rPois   +          Reflect  .   O - +2 hat {SInv}
rElec   .          Harm     .   i - +0 cloak
rCorr   .          Rampage  .   (no gloves)
Will    .....                   z - +0 pair of boots
Stlth   ++........              G - amulet of magic regeneration
HPRegen 0.26/turn               n - ring of protection from cold
MPRegen 0.62/turn               F - +6 ring of strength

@: mighty, death channelling, spiked, corroded, very slightly contaminated,
lightly drained, invisible
A: powered by pain 3, sturdy frame 1, condensation shield, demonic touch 2,
agile 1, poison resistance, noise suppression
a: Renounce Religion, Minor Destruction, Lesser Servant of Makhleb, Major
Destruction, Greater Servant of Makhleb


You were on level 2 of the Orcish Mines.
You worshipped Makhleb.
Makhleb was extremely pleased with you.
You visited 3 branches of the dungeon, and saw 17 of its levels.

You collected 1083 gold pieces.

Inventory:

Hand Weapons
 c - a +1 dagger of draining
 E - a +5 whip of pain (weapon)
Missiles
 K - a throwing net
Armour
 a - a +0 robe (worn)
 i - a +0 cloak (worn)
 z - a +0 pair of boots (worn)
 M - the +3 ring mail of a treasure trove {Dex+10}
   (You found it on level 2 of the Lair of Beasts)

   Dex:       It affects your dexterity (+10).
 O - a +2 hat of see invisible (worn)
Magical Staves
 h - a staff of fire
 j - a staff of air
Jewellery
 g - a ring of ice
 n - a ring of protection from cold (left hand)
 y - a ring of willpower
 F - a +6 ring of strength (right hand)
 G - an amulet of magic regeneration (around neck)
Wands
 v - a wand of quicksilver (13)
 A - a wand of polymorph (16)
 B - a wand of roots (5)
 D - a wand of charming (21)
Scrolls
 d - 2 scrolls of amnesia
 o - 3 scrolls of noise
 t - 6 scrolls of teleportation
 I - 2 scrolls of enchant weapon
 J - a scroll of fog
 N - a scroll of magic mapping
Potions
 b - 3 potions of mutation
 k - 5 potions of might
 l - 2 potions of brilliance
 m - a potion of magic
 p - 3 potions of cancellation
 q - a potion of berserk rage
 r - 3 potions of curing
 s - 3 potions of heal wounds
 w - 3 potions of ambrosia
 x - a potion of haste
 C - a potion of lignification
 H - a potion of attraction
 L - a potion of degeneration {unknown}


   Skills:
 + Level 10.3 Fighting
 + Level 9.4 Armour
 - Level 1.7 Dodging
 - Level 1.7 Stealth
 * Level 13.4 Spellcasting
 + Level 12.2 Necromancy


You had 16 spell levels left.
You knew the following spells:

 Your Spells              Type           Power      Damage    Failure   Level
a - Necrotise             Necr           100%       1d9       1%          1
b - Vampiric Draining     Necr           60%        2d10      1%          3
c - Death Channel         Necr           30%        N/A       4%          6
d - Agony                 Necr           60%        N/A       1%          5
e - Sublimation of Blood  Necr           60%        N/A       1%          2
f - Borgnjor's Vile Clut  Necr/Erth      19%        N/A       11%         5

Your spell library contained the following spells:

 Spells                   Type           Power      Damage    Failure   Level
 Animate Dead             Necr           60%        N/A       1%          4
 Corpse Rot               Necr/Pois/Air  31%        N/A       9%          4
 Call Canine Familiar     Summ           14%        N/A       14%         3
 Conjure Flame            Conj/Fire      14%        6-21      14%         3
 Frozen Ramparts          Ice            28%        1d5       14%         3
 Ignite Poison            Fire/Tmut/Pois 14%        N/A       14%         3
 Portal Projectile        Hex/Tloc       28%        N/A       14%         3
 Ice Form                 Ice/Tmut       14%        N/A       41%         4
 Leda's Liquefaction      Hex/Erth       7%         N/A       41%         4
 Sticky Flame             Conj/Fire      14%        2d4       41%         4
 Summon Ice Beast         Ice/Summ       14%        N/A       41%         4
 Summon Forest            Summ/Tloc      7%         N/A       77%         5
 Summon Mana Viper        Hex/Summ       14%        N/A       77%         5
 Infestation              Necr           30%        N/A       89%         8
 Haunt                    Necr/Summ      19%        N/A       97%         7
 Summon Cactus Giant      Summ           7%         N/A       100%        6


Dungeon Overview and Level Annotations

Branches:
Dungeon (11/15)            Temple (0/1) D:7            Lair (4/5) D:9
  Swamp (0/4) Lair:3       Spider (0/4) Lair:3          Orc (2/2) D:10
    Elf (0/3) Orc:2
  Slime: Lair:4-5

Altars:
Dithmenos
Gozag
Kikubaaqudgha
Makhleb
Okawaru
Ru
Uskayaw
Wu Jian
Jiyva

Shops:
Orc:2 ?:=?:

Annotations:
D:5 Ijyb
Lair:2 3 runed translucent doors, Pamiuf's ghost, journeyman KoSu


Innate Abilities, Weirdness & Mutations

You are powered by pain.
Your movements are slightly less encumbered by armour. (ER -2)
A meltable shield of frost defends you. (SH +4)
Your touch may inflict irresistible damage on your foes.
You are agile. (Dex +4, Str/Int -1)
Your system is resistant to poisons. (rPois)
You passively dampen the noise of your surroundings.


Message History

The hellwing hits your spectral orc wizard!
Your spectral orc wizard is destroyed!
The orc wizard shouts!
Unknown command.
Casting: Borgnjor's Vile Clutch (dangerous; 11% risk of failure)
Confirm with . or Enter, or press ? or * to list all spells.
Aiming: Borgnjor's Vile Clutch (dangerous; 11% risk of failure)
Press: ? - help, Shift-Dir - straight line, f - orc sorcerer, p - orc wizard
Aim: an orc sorcerer, wielding a +0 dagger and wearing a +2 robe of the Archmagi (heavily wounded, 100% to hit)
The rust devil is unaffected.
Zombie hands grab the orc sorcerer.
The zombie hands constrict the orc sorcerer.
The zombie hands constrict the rust devil!
The orc sorcerer casts a spell.
The rust devil hits you! The rust devil corrodes you!
Unknown command.
Unknown command.
Unknown command.
Unknown command.
The zombie hands constrict the orc sorcerer.
The zombie hands constrict the rust devil!
The rust devil barely misses you. The hellwing hits you!
* * * LOW HITPOINT WARNING * * *
You focus on the pain.
You feel your power returning. The hellwing hits you!
* * * LOW HITPOINT WARNING * * *
The hellwing swoops through the air toward you!
The hellwing closely misses you. The hellwing hits you.
* * * LOW HITPOINT WARNING * * *
Unknown command.
Unknown command.
You fade into invisibility!
The zombie hands constrict the orc sorcerer.
The zombie hands constrict the rust devil!
You kill the rust devil!
The rust devil disappears in a puff of smoke!
The hellwing hits you!
* * * LOW HITPOINT WARNING * * *
The hellwing barely misses you. The hellwing closely misses you.
The hellwing hits you!
You die...

#################.....)))..#.#...
......................).)..###...
........................)...#...#
.###.#######..######....)........
.# #.# #..#...∩#.............
.###.#######..#....#.............
..............#.)..#.............
)...)###.###).##4###.............
).⌠..# #.# #...)@4...............
)..).# #.# #.###o###........#....
)###.###Z###.#..o).# ...........
)..#..).Z.)))#.....# ........
)..#.###Z###÷#.....# .. .......
_..#.# #.# #.#....∩#... ......
####.###.###.#######..... ..
........................ ..
..............................


You could see 2 hellwings, an orc sorcerer (clutched) and an orc wizard (unable
to see you).

Vanquished Creatures
  Gastronok (Lair:3)
  A hydra (Lair:2)
  A catoblepas (Lair:4)
  3 two-headed ogres
  Urug (D:10)
  Nergalle (D:10)
  2 orc knights
  6 orc sorcerers (Orc:2)
  3 black mambas
  Maggie (D:8)
  A torpor snail (Lair:2)
  4 cane toads
  A rime drake (Lair:4)
  A komodo dragon (Lair:1)
  A queen bee (Lair:1)
  2 trolls
  A hornet (D:7)
  A tarantella (Lair:3)
  4 blink frogs (Lair:2)
  A dream sheep (Lair:2)
  A wraith (D:10)
  2 wyverns
  3 basilisks
  26 yaks
  Grum (D:8)
  Eustachio (D:4)
  2 acid dragons (D:9)
  10 water moccasins
  5 wargs
  A swamp worm (Lair:3)
  Duvessa (D:5)
  15 orc warriors
  2 black bears
  A sky beast (D:6)
  11 wolves
  3 ogres
  A centaur (D:10)
  3 kobold brigands
  A gnoll sergeant (D:7)
  7 bullfrogs
  3 scorpions
  32 killer bees
  3 howler monkeys (D:9)
  7 orc priests
  6 hounds
  2 jellies
  3 iguanas
  28 orc wizards
  4 gnolls
  6 adders
  2 worms
  4 dart slugs
  71 orcs
  10 ball pythons
  5 bats
  7 endoplasms
  4 giant cockroaches
  3 goblins
  5 hobgoblins
  A quokka (D:5)
  5 frilled lizards
  27 kobolds
  2 rats (D:3)
374 creatures vanquished.

Vanquished Creatures (collateral kills)
  A two-headed ogre (D:9)
  An orc sorcerer (Orc:2)
  2 cane toads (Lair:2)
  A blink frog (Lair:2)
  A dream sheep (Lair:2)
  6 yaks
  An ice beast (D:7)
  3 orc warriors
  3 wolves (Lair:2)
  2 kobold brigands (D:10)
  Dowan (D:5)
  9 killer bees
  A howler monkey (D:9)
  An orc priest (Orc:1)
  6 orc wizards (Orc:2)
  2 adders
  2 gnolls
  9 orcs
  4 kobolds (D:10)
56 creatures vanquished.

Vanquished Creatures (others)
  A cane toad zombie (Lair:1)
  A hornet zombie (D:7)
  A water moccasin zombie (Lair:2)
  A warg zombie (D:10)
  A troll zombie (D:10)
  12 yak zombies
  2 bullfrog zombies
  5 killer bee zombies (D:9)
  An acid dragon zombie (D:9)
  2 elf zombies (D:5)
  An iguana zombie (D:7)
  An orc (Orc:2)
  8 kobold zombies
  7 orc zombies
  6 fungi
  13 plants
63 creatures vanquished.

Grand Total: 493 creatures vanquished

Notes
Turn   | Place    | Note
-------+----------+-------------------------------------------
     0 | D:1      | 112233 the Demonspawn Necromancer began the quest for the
                  | Orb.
     0 | D:1      | Reached XP level 1. HP: 13/13 MP: 3/3
   509 | D:1      | Found a faded altar of an unknown god.
   517 | D:1      | Gained mutation: A meltable shield of frost defends you.
                  | (SH +4) [demonic ancestry]
   517 | D:1      | Reached XP level 2. HP: 20/20 MP: 1/5
  1470 | D:3      | Gained mutation: Your movements are slightly less
                  | encumbered by armour. (ER -2) [demonic ancestry]
  1470 | D:3      | Reached XP level 3. HP: 25/25 MP: 3/6
  1478 | D:3      | Reached skill level 1 in Fighting
  1715 | D:3      | Learned a level 3 spell: Vampiric Draining
  1717 | D:3      | Found a hide-covered altar of Uskayaw.
  1720 | D:3      | Noticed a +0 dagger
  1720 | D:3      | Noticed a +0 hand axe
  1760 | D:3      | Noticed a kobold brigand
  1784 | D:3      | Killed a kobold brigand
  1785 | D:3      | Reached skill level 1 in Armour
  1785 | D:3      | Reached skill level 3 in Spellcasting
  1785 | D:3      | Reached skill level 5 in Necromancy
  1785 | D:3      | Gained mutation: Your touch may inflict minor irresistible
                  | damage on your foes. [demonic ancestry]
  1785 | D:3      | Reached XP level 4. HP: 25/32 MP: 6/8
  2218 | D:3      | Got Futzyin's Incunable of Necromancy
  2238 | D:3      | Learned a level 2 spell: Sublimation of Blood
  2303 | D:3      | Gained mutation: Your touch may inflict irresistible damage
                  | on your foes. [demonic ancestry]
  2303 | D:3      | Reached XP level 5. HP: 38/38 MP: 6/9
  2462 | D:3      | Found an ornate altar of the Wu Jian Council.
  3296 | D:4      | Noticed a black bear
  3304 | D:4      | Gained mutation: You passively dampen the noise of your
                  | surroundings. [potion of mutation]
  3304 | D:4      | Gained mutation: You are agile. (Dex +4, Str/Int -1)
                  | [potion of mutation]
  3304 | D:4      | Gained mutation: Your system is resistant to poisons.
                  | (rPois) [potion of mutation]
  3308 | D:4      | Killed a black bear
  3309 | D:4      | Reached XP level 6. HP: 10/45 MP: 5/11
  3554 | D:4      | Reached skill level 4 in Spellcasting
  5421 | D:4      | Learned a level 5 spell: Agony
  5648 | D:4      | Noticed Eustachio
  5654 | D:4      | Killed Eustachio
  5655 | D:4      | Reached XP level 7. HP: 52/52 MP: 0/14
  6044 | D:5      | Entered Level 5 of the Dungeon
  6367 | D:5      | Noticed Ijyb
  6441 | D:6      | Reached skill level 5 in Spellcasting
  6803 | D:6      | Reached XP level 8. HP: 51/60 MP: 3/16
  7006 | D:6      | Found a burning altar of Makhleb.
  7022 | D:6      | Became a worshipper of Makhleb the Destroyer
  7296 | D:7      | Learned a level 4 spell: Animate Dead
  7474 | D:7      | Found a staircase to the Ecumenical Temple.
  7504 | D:7      | Reached skill level 6 in Spellcasting
  8228 | D:7      | Noticed a hornet
  8242 | D:7      | Killed a hornet
  8243 | D:7      | Reached skill level 5 in Fighting
  8243 | D:7      | Reached skill level 7 in Spellcasting
  8243 | D:7      | Reached XP level 9. HP: 21/68 MP: 10/19
  9158 | D:8      | Noticed Maggie
  9178 | D:8      | Killed Maggie
  9179 | D:8      | Reached skill level 5 in Armour
  9501 | D:8      | Noticed Grum
  9513 | D:8      | Killed Grum
  9520 | D:8      | Reached skill level 8 in Spellcasting
 10149 | D:5      | Learned a level 5 spell: Borgnjor's Vile Clutch
 10159 | D:5      | Noticed Dowan
 10160 | D:5      | Found an ancient bone altar of Kikubaaqudgha.
 10160 | D:5      | Noticed Duvessa
 10161 | D:5      | Found a shadowy altar of Dithmenos.
 10173 | D:5      | Killed Duvessa
 10178 | D:5      | Killed Dowan
 10217 | D:5      | Your ally Duvessa died
 10240 | D:5      | Your ally Dowan died
 10281 | D:5      | Identified a scroll of acquirement
 10281 | D:5      | Acquired 932 gold pieces
 10749 | D:9      | Reached * piety under Makhleb
 11213 | D:9      | Gained mutation: You sometimes gain a little power by
                  | taking damage. [demonic ancestry]
 11213 | D:9      | Reached XP level 10. HP: 76/76 MP: 17/22
 11659 | D:9      | Found a staircase to the Lair.
 11818 | D:9      | Reached skill level 9 in Spellcasting
 12633 | D:9      | Noticed a two-headed ogre
 12642 | D:9      | Killed a two-headed ogre
 13108 | D:10     | Entered Level 10 of the Dungeon
 13129 | D:10     | Found an opulent altar of Gozag.
 13361 | D:10     | Noticed a two-headed ogre
 13375 | D:10     | Killed a two-headed ogre
 13486 | D:10     | Found a sacrificial altar of Ru.
 13550 | D:10     | Found an iron altar of Okawaru.
 13679 | D:10     | Reached skill level 10 in Spellcasting
 13988 | D:10     | Reached ** piety under Makhleb
 14001 | D:10     | Noticed Urug
 14012 | D:10     | Killed Urug
 14013 | D:10     | Reached XP level 11. HP: 84/84 MP: 12/25
 14036 | D:10     | Found a staircase to the Orcish Mines.
 14245 | D:10     | Noticed Nergalle
 14263 | D:10     | Killed Nergalle
 14503 | Orc:1    | Entered Level 1 of the Orcish Mines
 14503 | Orc:1    | Noticed an orc knight
 14505 | Orc:1    | Noticed an orc knight
 14789 | D:11     | Noticed a two-headed ogre
 14805 | D:11     | Killed a two-headed ogre
 14806 | D:11     | Reached skill level 10 in Necromancy
 14912 | D:11     | Noticed a two-headed ogre
 15223 | Lair:1   | Entered Level 1 of the Lair of Beasts
 15415 | Lair:1   | Reached *** piety under Makhleb
 15425 | Lair:1   | Reached skill level 11 in Spellcasting
 15851 | Lair:1   | You fall into a shaft and drop 1 floor!
 15966 | Lair:2   | Learned a level 6 spell: Death Channel
 16186 | Lair:2   | Gained mutation: You sometimes gain power by taking damage.
                  | [demonic ancestry]
 16186 | Lair:2   | Reached XP level 12. HP: 51/94 MP: 4/27
 16831 | Lair:1   | Reached **** piety under Makhleb
 16966 | Lair:2   | Noticed a seven-headed hydra
 17055 | Lair:2   | Found a runed translucent gate.
 17055 | Lair:2   | Found a runed translucent gate.
 17085 | Lair:2   | Reached skill level 12 in Spellcasting
 17091 | Lair:2   | Found a runed translucent gate.
 17315 | Lair:2   | Identified the +3 ring mail of a treasure trove {Dex+10}
 17760 | Lair:2   | Killed a seven-headed hydra
 18023 | Lair:2   | Identified the +10 trident "Ryniff" {drain, Dex+4 Stlth+}
 18098 | Lair:2   | Found a viscous altar of Jiyva.
 18098 | Lair:2   | Noticed Pamiuf's ghost (journeyman KoSu)
 18099 | Lair:2   | Noticed a great orb of eyes
 18236 | Lair:3   | Found a hole to the Spider Nest.
 18920 | Lair:3   | Noticed Gastronok
 18935 | Lair:3   | Killed Gastronok
 19163 | Lair:3   | Found a staircase to the Swamp.
 19247 | Lair:4   | Noticed a death yak
 19247 | Lair:4   | Noticed a death yak
 19402 | Lair:4   | Noticed a catoblepas
 19415 | Lair:4   | Killed a catoblepas
 19681 | Lair:4   | Noticed a death yak
 19681 | Lair:4   | Noticed a death yak
 19700 | Lair:4   | Noticed a death yak
 21119 | Orc:1    | Reached skill level 13 in Spellcasting
 21374 | Orc:2    | Entered Level 2 of the Orcish Mines
 21547 | Orc:1    | Reached skill level 10 in Fighting
 21780 | Orc:2    | Noticed a two-headed ogre
 21806 | Orc:2    | Killed a two-headed ogre
 21806 | Orc:2    | Reached ***** piety under Makhleb
 21807 | Orc:2    | Gained mutation: You are powered by pain. [demonic
                  | ancestry]
 21807 | Orc:2    | Reached XP level 13. HP: 46/97 MP: 5/30
 22180 | Orc:2    | Paralysed by an orc sorcerer for 5 turns
 22276 | Orc:2    | Found Kolavek's Book Shop.
 22276 | Orc:2    | Found Kyde's Jewellery Shoppe.
 22279 | Orc:2    | Found a staircase to the Elven Halls.
 22282 | Orc:2    | Found Mebaoc's Magic Scroll Boutique.
 22488 | Orc:2    | Found Ycur's Magic Scroll Shop.
 22537 | Orc:2    | Found Ulagicw's Book Shoppe.
 22554 | Orc:2    | Slain by a hellwing

Illustrated notes

Levels and vault maps discovered:
D:1:      kennysheep_arrival_forest, layout_loops_ring,
          shapermc_ecumenical_altar_venn
D:2:      layout_basic, minivault_26, minmay_misc_feat_enclosed,
          minmay_indecisive_spiral
D:3:      layout_basic, overflow_temple_1_default, dancing_weapons_uskayaw
D:4:      minmay_inner_zag, layout_basic, cheibrodos_sewer_entry_sluice,
          minmay_quadrilaterals, uniq_eustachio
D:5:      layout_loops_corners, nicolae_overflow_hidden_temple, enter_ossuary_2,
          uniq_duvessa, uniq_ijyb
D:6:      layout_cave_pools, elyvilon_altar_3, makhleb_heckhound_becter,
          centaur_isle
D:7:      layout_loops_ring, minmay_temple_entry_nine_rooms
D:8:      layout_basic, uniq_maggie, uniq_grum
D:9:      layout_stronghold, dpeg_oklobed_lair
D:10:     layout_basic, lemuel_doored_altar, mainiacjoe_overflow_brackets,
          okawaru_gym_becter, david_orc_1_choice, uniq_urug, uniq_nergalle
D:11:     layout_rooms, portal_ice_cave_entry_pillars_2,
          amcnicky_mini_corridor_feature, uniq_lodul
Lair:1:   layout_misc_corridors, special_room [special_room_bee],
          grunt_megastairs_1
Lair:2:   layout_regular_city, gammafunk_ghost_ooze, infiniplex_staircase_pool_2
Lair:3:   layout_cave_pods, minmay_swamp_entry_worms, spider_nest_entry_rubble,
          infiniplex_staircase_pool, lemuel_fruit_fields, uniq_gastronok
Lair:4:   layout_regular_city, slime_entry_1, nzn_random_ring
Orc:1:    layout_caves
Orc:2:    st_orc_town, layout_diamond_mine, serial_shops, shop

Skill      XL: |  1  2  3  4  5  6  7  8  9 10 11 12 13 |
---------------+----------------------------------------+-----
Fighting       | 1 2 3 5 6 7 8 10 | 10.3
Armour         | 1 2 3 4 5 6 8 9 |  9.4
Spellcasting   | 3 4 5 7 8 10 11 13 | 13.4
Necromancy     | 5 6 7 8 9 10 11 12 | 12.2
Dodging        | |  1.7
Stealth        | |  1.7

Action                   |  1- 3 |  4- 6 |  7- 9 | 10-12 | 13-15 || total
-------------------------+-------+-------+-------+-------+-------++-------
Melee: Dagger            |    14 |    10 |    13 |       |       ||    37
       Touch             |       |     2 |    10 |    23 |     4 ||    39
       Whip              |       |       |    59 |   130 |    30 ||   219
       Punch             |       |       |     1 |     1 |       ||     2
 Cast: Necrotise         |    46 |   103 |    98 |    39 |       ||   286
       Vampiric Draining |       |    11 |    78 |   271 |    47 ||   407
       Agony             |       |     1 |       |     5 |       ||     6
       Animate Dead      |       |       |    17 |    16 |       ||    33
       Death Channel     |       |       |       |    16 |     8 ||    24
       Borgnjor's Vile C |       |       |       |    22 |    13 ||    35
Evoke: Wand              |       |       |       |    12 |     2 ||    14
  Use: Potion            |     1 |     2 |     2 |     7 |     4 ||    16
       Scroll            |       |       |    11 |    16 |       ||    27
 Stab: Invisible         |     2 |       |       |       |       ||     2
       Sleeping          |       |     1 |     1 |     2 |       ||     4
       Distracted        |       |       |       |     5 |       ||     5
Armor: Robe              |     3 |     8 |    62 |   123 |    20 ||   216
Dodge: Dodged            |    14 |    33 |   127 |   338 |    70 ||   582
Block: Other             |     2 |     8 |    42 |   100 |    12 ||   164
